Map: Romanticide LE

Players

ViBE - Winner!

  • Race: Terran Terran
  • League: Diamond

TOGrizzly

  • Race: Terran Terran
  • League: Diamond

VOD

Have the link to the VOD?

Description

Time

  • Played on: April 15, 2021, 8:54 p.m.
  • Length: 17:14
Show
View Real Time Build Order
Export as new Build Order

ViBE Terran - Winner!

Build Orders: Reaper Expand 

Get SALT Encoding   

  12  0:00  SCV  
  13  0:12  SCV  
  14  0:17  Supply Depot  
  14  0:24  SCV  
  15  0:39  SCV  
  15  0:42  Barracks  
  16  0:46  Refinery  
  16  0:51  SCV  
  17  1:04  SCV  
  18  1:17  SCV  
  19  1:30  Orbital Command  
  19  1:32  Reaper  
  20  1:47  Command Center  
  20  1:57  Supply Depot  
  20  2:07  SCV  
  22  2:19  SCV  
  22  2:20  Marine  
  22  2:22  Supply Depot  
  23  2:23  Factory  
  23  2:29  Refinery  
  23  2:34  SCV  
  24  2:48  Barracks Reactor, SCV  
  25  3:00  SCV  
  26  3:09  Starport  
  26  3:11  Orbital Command  
  26  3:12  SCV  
  27  3:14  Factory Tech Lab  
  27  3:24  SCV  
  28  3:31  Command Center  
  28  3:35  Siege Tank  
  28  3:36  SCV  
  28  3:37  SCV  
  28  3:39  Marine  
  28  3:40  Marine  
  35  3:44  Starport Tech Lab  
  35  3:49  SCV x2  
  37  4:00  Marine x2  
  37  4:01  SCV x2  
  41  4:03  Banshee  
  44  4:13  SCV  
  44  4:14  SCV  
  46  4:17  Marine x2, Siege Tank  
  51  4:25  SCV  
  51  4:26  SCV  
  51  4:28  Supply Depot  
  51  4:29  Supply Depot  
  53  4:37  SCV  
  53  4:38  SCV  
  54  4:43  Orbital Command  
  56  4:48  Supply Depot  
  56  4:52  Siege Tank  
  57  4:59  Barracks  
  57  5:00  Barracks x2  
  57  5:04  Barracks  
  57  5:08  SCV x2  
  57  5:11  Refinery  
  57  5:12  SCV  
  57  5:13  Refinery  
  60  5:18  Orbital Command, Engineering Bay  
  60  5:20  SCV  
  61  5:22  Stimpack, Engineering Bay  
  61  5:28  SCV  
  61  5:31  Medivac  
  61  5:32  SCV  
  65  5:37  Marine, Medivac  
  65  5:40  SCV  
  69  5:44  SCV  
  69  5:47  SCV  
  69  5:48  Barracks Reactor  
  69  5:49  Barracks Reactor  
  71  5:52  SCV  
  71  5:56  SCV  
  73  5:59  SCV  
  73  6:01  Supply Depot x2  
  74  6:05  SCV  
  74  6:08  SCV  
  73  6:11  Barracks Reactor x2, SCV  
  73  6:17  SCV  
  75  6:19  Marine  
  75  6:21  SCV, Siege Tank  
  80  6:33  Marine x4  
  80  6:35  Terran Infantry Weapons Level 1  
  80  6:37  Terran Infantry Armor Level 1  
  80  6:39  SCV  
  86  6:40  SCV x2  
  86  6:42  Marine  
  86  6:45  Supply Depot x3  
  88  6:48  Marine x2  
  88  6:49  Marine x2  
  88  6:51  Marine x4  
  88  6:52  SCV x3  
  99  6:59  Marine  
  99  7:00  Viking x2  
  104  7:04  Siege Tank  
  104  7:06  Marine x4  
  111  7:08  Marine  
  111  7:09  Marine x3, Refinery x2  
  115  7:17  Marine  
  116  7:24  Marine x4  
  116  7:25  SCV x3  
  116  7:26  Marine x4  
  116  7:29  Command Center  
  127  7:35  Marine  
  128  7:42  Marine x4  
  132  7:44  Marine  
  132  7:47  Supply Depot  
  132  7:48  Supply Depot x2  
  132  7:50  Supply Depot  
  133  7:52  Combat Shield  
  133  7:59  Marine x4  
  133  8:00  Marine  
  133  8:01  Marine x2  
  133  8:02  Marine  
  98  8:12  Marine  
  98  8:14  Siege Tank  
  98  8:15  Viking  
  98  8:16  SCV x2  
  98  8:17  Marine x4, SCV  
  98  8:18  Marine  
  98  8:19  Marine x2  
  114  8:20  Marine  
  115  8:36  SCV x3  
  115  8:37  Armory  
  118  8:46  Marine x9  
  118  8:48  Siege Tank  
  130  8:50  Command Center  
  130  8:53  Viking x2  
  134  8:58  SCV x3  
  137  9:04  Marine  
  137  9:06  Planetary Fortress  
  138  9:15  Marine x8  
  146  9:21  Siege Tank  
  146  9:24  Viking x2  
  151  9:30  SCV  
  151  9:31  SCV  
  155  9:36  Barracks  
  155  9:38  Barracks x2  
  155  9:39  Factory  
  155  9:40  Terran Vehicle Weapons Level 1, Terran Infantry Weapons Level 2, Barracks, Terran Infantry Armor Level 2  
  155  9:50  Supply Depot x2  
  155  9:51  Supply Depot  
  155  9:56  SCV  
  155  9:57  SCV x3  
  159  10:07  Marine x8  
  159  10:08  Siege Tank  
  159  10:09  Marine  
  159  10:10  Viking  
  172  10:23  Planetary Fortress  
  172  10:32  Marine x10  
  172  10:33  SCV x2  
  172  10:34  SCV x2  
  188  10:44  Factory Tech Lab  
  188  10:45  Sensor Tower  
  188  10:47  Sensor Tower, Barracks Reactor x3  
  185  11:00  Marine x7  
  185  11:01  Viking x2, Siege Tank  
  185  11:03  SCV  
  161  11:37  SCV x5  
  166  11:40  Marine x16  
  166  11:41  Siege Tank x2  
  166  11:42  Viking x2  
  189  11:49  SCV  
  189  11:54  SCV x3  
  187  12:11  Marine x3  
  187  12:12  Marine x11  
  200  12:34  Command Center  
  197  12:57  Marine  
  198  13:06  Barracks  
  198  13:07  Barracks  
  198  13:08  Barracks  
  198  13:09  Barracks  
  198  13:10  Barracks x3  
  198  13:11  Barracks x2, Refinery  
  198  13:12  Barracks  
  198  13:14  Marine x2  
  198  13:15  Marine x7  
  188  13:21  Marine x7  
  188  13:22  SCV x5  
  188  13:23  Siege Tank x2  
  192  13:32  Marine  
  194  13:34  SCV x5  
  192  13:44  Terran Infantry Weapons Level 3  
  192  13:45  Terran Infantry Armor Level 3  
  192  13:46  SCV x4  
  151  14:03  Marine x6  
  151  14:04  Marine x10  
  151  14:07  Barracks Tech Lab x3  
  151  14:09  Barracks Reactor x3  
  167  14:10  Barracks Reactor x4  
  167  14:12  SCV x2  
  169  14:21  Marine  
  170  14:28  Planetary Fortress  
  170  14:32  Marine x5  
  170  14:33  Marine x13  
  170  14:34  Viking, Siege Tank x2  
  170  14:35  Viking  
  174  14:39  Marine  
  174  14:44  Command Center  
  161  14:47  Marine  
  161  14:48  Marine x13  
  161  14:50  Marine x11  
  161  14:51  Marine x7  
  193  14:57  Marine  
  194  15:05  Marine  
  194  15:06  Marine x5  
  145  15:21  Marine  
  145  15:22  Marine x23  
  145  15:23  Marine x6, Siege Tank x2  
  145  15:24  Viking x2  
  145  15:26  SCV  
  183  15:36  Marine x3  
  183  15:39  Marine  
  183  15:40  Marine x13  
  200  15:55  Marine x8  
  200  15:56  Marine x11  
  198  16:06  Medivac  
  183  16:48  Marine x17  
Show
View Real Time Build Order
Export as new Build Order

TOGrizzly Terran 

Build Orders: Reaper Expand 

Get SALT Encoding   

  12  0:00  SCV  
  13  0:12  SCV  
  14  0:17  Supply Depot  
  14  0:24  SCV  
  15  0:39  SCV  
  15  0:40  Barracks  
  16  0:43  Refinery  
  16  0:51  SCV  
  17  1:03  SCV  
  18  1:15  SCV  
  19  1:27  Orbital Command  
  19  1:28  Reaper  
  20  1:44  Command Center  
  20  1:54  SCV  
  21  2:04  Barracks Reactor  
  21  2:05  Supply Depot  
  21  2:11  Bunker  
  21  2:15  SCV  
  21  2:19  Refinery  
  21  2:27  SCV, Factory  
  22  2:39  SCV  
  22  2:41  Marine x2  
  25  2:51  SCV  
  25  2:55  Orbital Command  
  26  3:00  Marine x2  
  26  3:03  SCV  
  29  3:12  Starport  
  29  3:13  Factory Tech Lab  
  29  3:15  SCV  
  29  3:18  Marine x2  
  32  3:21  SCV  
  33  3:27  SCV  
  34  3:34  Supply Depot  
  34  3:37  Engineering Bay  
  34  3:41  Cyclone  
  37  3:42  SCV  
  37  3:45  SCV  
  37  3:46  Marine  
  37  3:47  Marine  
  41  3:52  Starport Tech Lab  
  42  3:55  SCV  
  42  3:57  SCV  
  42  4:00  Engineering Bay  
  43  4:07  SCV, Supply Depot  
  43  4:09  Marine x2  
  46  4:13  Raven  
  48  4:19  SCV  
  49  4:24  Terran Infantry Weapons Level 1  
  49  4:29  SCV  
  49  4:30  Marine, Supply Depot, Refinery  
  51  4:35  Marine  
  52  4:39  Siege Tank  
  52  4:41  SCV  
  56  4:52  SCV  
  57  4:59  Command Center  
  57  5:04  SCV x2  
  57  5:05  Marine x2  
  61  5:12  Raven  
  63  5:16  SCV x2  
  63  5:19  Refinery  
  65  5:22  Missile Turret  
  65  5:27  Marine x2  
  65  5:28  Missile Turret, SCV x2  
  69  5:32  Barracks  
  69  5:36  Barracks, Terran Infantry Armor Level 1  
  68  5:51  Siege Tank  
  68  6:02  SCV x2  
  70  6:09  Raven  
  70  6:11  Barracks x2  
  70  6:12  Missile Turret  
  70  6:14  SCV  
  70  6:15  Orbital Command  
  70  6:18  SCV  
  72  6:21  Barracks Tech Lab  
  72  6:22  Barracks Reactor  
  72  6:26  SCV  
  72  6:30  Marine, SCV  
  72  6:31  Marine  
  76  6:33  Siege Tank  
  76  6:38  Orbital Command, SCV  
  79  6:41  Marine  
  79  6:42  Stimpack  
  79  6:44  SCV  
  81  6:57  SCV x2  
  81  6:58  Marine x2  
  81  7:00  Barracks Reactor x2  
  85  7:03  Bunker  
  85  7:05  Missile Turret  
  85  7:33  Missile Turret, Supply Depot  
  85  7:34  Marine x2, Viking, SCV x3, Supply Depot  
  85  7:35  Missile Turret  
  85  7:36  Marine, Supply Depot  
  93  7:38  Armory  
  93  7:54  Marine x3, SCV x2, Siege Tank  
  93  7:56  Marine x3, SCV  
  102  8:08  Marine x3  
  102  8:09  Raven  
  102  8:10  SCV x3  
  102  8:12  Marine  
  99  8:15  Refinery x2  
  99  8:16  Marine x2  
  99  8:17  Marine x2  
  103  8:21  Factory  
  103  8:22  SCV x2  
  103  8:26  Siege Tank  
  108  8:27  Supply Depot  
  108  8:30  Supply Depot  
  108  8:31  Combat Shield, Supply Depot  
  108  8:33  SCV  
  109  8:34  SCV  
  109  8:35  SCV  
  111  8:41  Marine x3  
  111  8:42  Marine  
  111  8:43  Marine x2  
  111  8:48  Marine x3, SCV x3  
  123  8:57  Terran Infantry Weapons Level 2, Supply Depot  
  123  8:58  Siege Tank  
  123  9:00  SCV x2  
  123  9:02  SCV  
  129  9:05  Marine x4  
  133  9:10  Factory Tech Lab  
  133  9:13  SCV x2  
  133  9:14  Raven, SCV  
  138  9:30  Siege Tank  
  141  9:32  Marine x4  
  141  9:33  Marine  
  141  9:35  SCV  
  141  9:36  Command Center, SCV  
  148  9:39  SCV  
  149  9:52  Sensor Tower  
  149  10:00  Terran Infantry Armor Level 2  
  149  10:01  Supply Depot, Factory  
  149  10:06  Marine, SCV  
  149  10:23  Marine x6, SCV x2  
  157  10:45  Factory Tech Lab  
  157  10:47  Marine x8  
  157  10:48  SCV, Siege Tank x2  
  172  10:52  Barracks  
  172  10:53  Barracks  
  172  10:56  Unknown  
  172  10:57  Barracks  
  172  11:23  Marine  
  172  11:24  Marine x2  
  171  11:25  Raven  
  171  11:30  Marine x4  
  171  11:31  Marine, Siege Tank x2  
  171  11:32  Siege Tank  
  140  11:42  Marauder  
  140  11:45  SCV x3  
  146  11:51  Marine x4  
  146  11:52  Marine x4  
  152  12:03  Marauder, Siege Tank  
  152  12:07  Barracks Tech Lab x3  
  150  12:08  Banshee, Siege Tank  
  150  12:09  Marine x3, Siege Tank  
  154  12:20  Command Center  
  153  12:25  Marine x3  
  153  12:26  Marine  
  157  12:33  Marine  
  157  12:35  Siege Tank  
  153  12:37  Marine x3  
  153  12:38  Marine  
  157  12:54  Marine  
  157  12:55  SCV  
  157  13:10  Command Center  
  157  13:12  Marine x2, Missile Turret x2  
  157  13:13  Marine x2  
  157  13:14  Marine x2, SCV x2  
  157  13:15  Marine x3  
  157  13:17  Siege Tank  
  157  13:19  Missile Turret  
  155  13:25  Siege Tank  
  155  13:28  Siege Tank  
  155  13:29  Marine  
  155  13:32  Marine x3  
  159  13:36  Marine x3  
  159  13:38  Marine x2  
  163  13:47  Marine  
  146  13:53  Marine x3  
  146  13:54  Marine  
  105  14:01  Orbital Command  
  105  14:02  Marine x4  
  92  14:03  Siege Tank x3  
  100  14:20  Marine x3  
  102  14:35  Siege Tank  
  102  14:36  Marine x3  
  102  14:37  Marine x3  
  102  14:38  Marine, Siege Tank x2  
  116  14:43  Raven  
  113  14:51  Planetary Fortress  
  113  14:53  SCV x3  
  116  15:01  Marine x3  
  119  15:07  Siege Tank  
  119  15:10  Siege Tank  
  119  15:13  Refinery  
  108  15:14  Refinery  
  108  15:17  Marine  
  108  15:18  Marine x3  
  108  15:20  Marine  
  88  15:25  SCV x2  
  81  15:31  Marine x4  
  85  15:41  Planetary Fortress  
  73  16:02  Siege Tank  
  79  16:04  Siege Tank  
  79  16:05  SCV  
  79  16:06  SCV x2  
  79  16:08  SCV  
  81  16:22  SCV x2  
  81  16:23  SCV x3  
  79  16:28  Marine x4  
  83  16:34  SCV x2  
  85  16:46  Marine x2  
  67  16:53  SCV x2  
Tags
 
Add a new tag
Caveats
  • Supply blocks, unpowered buildings, or Contaminate may cause inaccurate times.
  • Supply counts are checked every 10 seconds.